 Dungeon Crawl Stone Soup version 0.19-a0-811-gf4045fb (webtiles) character file.

754 Musica the Covert (level 7, -4/33 HPs)
             Began as a Spriggan Assassin on June 28, 2016.
             Was a Follower of Dithmenos.
             Killed from afar by an orc wizard (13 damage)
             ... with a puff of flame
             ... on level 6 of the Dungeon.
             The game lasted 00:17:59 (4945 turns).

Musica the Covert (Spriggan Assassin)               Turns: 4945, Time: 00:18:00

Health: -4/33      AC:  3    Str:  4 (7)  XL:     7   Next: 49%
Magic:  9/9        EV: 16    Int: 11 (13) God:    Dithmenos [*.....]
Gold:   319        SH:  0    Dex: 19 (21) Spells: 0 memorised, 6 levels left

rFire  . . .     SeeInvis +     a - +2 dagger
rCold  . . .     Gourm    .     j - +0 robe
rNeg   . . .     Faith    .     (shield restricted)
rPois  .         Spirit   .     (helmet restricted)
rElec  .         Dismiss  .     d - +0 cloak
rCorr  .         Reflect  .     (gloves unavailable)
SustAt .         Harm     .     (boots unavailable)
MR     +....                    h - amulet of regeneration
Stlth  ++++++....               (no ring)
                                y - +2 ring of dexterity

@: wreathed by umbra, drained, very quick, somewhat resistant to hostile
enchantments, very stealthy
A: unfitting armour, see invisible, herbivore 3, speed 3, slow metabolism 2
a: Renounce Religion


You were on level 6 of the Dungeon.
You worshipped Dithmenos.
Dithmenos was aware of your devotion.
You were not hungry.

You visited 2 branches of the dungeon, and saw 8 of its levels.

You collected 319 gold pieces.

Inventory:

Hand Weapons
 a - a +2 dagger (weapon)
 b - a +0 blowgun
Missiles
 f - a curare-tipped needle
 z - 8 tomahawks (quivered)
Armour
 d - a +0 cloak (worn)
 j - a +0 robe (worn)
Magical Staves
 c - an uncursed staff of air
Jewellery
 h - an amulet of regeneration (around neck)
 y - a +2 ring of dexterity (left hand)
Wands
 v - a wand of heal wounds (5/9)
Scrolls
 s - 3 scrolls of identify
 u - 3 scrolls of teleportation {unknown}
 w - 2 scrolls of immolation {unknown}
 x - a scroll of blinking {unknown}
 C - a scroll of fog {unknown}
Potions
 k - a potion of haste
 m - 3 potions of heal wounds
 p - 2 potions of might
 t - a potion of agility {unknown}
 A - a potion of cancellation {unknown}
Books
 B - a book of the Sky

   Spells                             Type                      Level
   a - Summon Lightning Spire         Summoning/Air                4
   b - Airstrike                      Air                          4
   c - Silence                        Hexes/Air                    5
   d - Deflect Missiles               Charms/Air                   6
   e - Conjure Ball Lightning         Conjuration/Air              6
   f - Tornado                        Air                          9
Comestibles
 g - 4 bread rations
 i - 4 fruits


   Skills:
 - Level 1.5(0.5) Fighting
 + Level 4.1(3.0) Short Blades
 + Level 3.1(2.0) Throwing
 - Level 1.5(0.5) Dodging
 + Level 12.0(10.6) Stealth
 * Level 1.9(0.8) Invocations


You had 6 spell levels left.
You didn't know any spells.

Dungeon Overview and Level Annotations

Branches:
Dungeon (7/15)             Temple (1/1) D:4

Altars:
Ashenzari
Cheibriados
Dithmenos
Elyvilon
Gozag
Kikubaaqudgha
Makhleb
Nemelex Xobeh
Okawaru
Pakellas
Qazlal
Ru
Sif Muna
Xom
Yredelemnul
Zin

Shops:
D:4 =

Annotations:
D:4 Grim's ghost, novice OpAs


Innate Abilities, Weirdness & Mutations

You are tiny and cannot use many weapons and most armour.
You have supernaturally acute eyesight. (SInv)
You are a herbivore.
You cover ground extremely quickly.
You need consume almost no food.


Message History

The orc wizard barely misses you.
You barely miss the orc wizard.
The orc wizard is moderately wounded.
The crimson imp closely misses you.
The orc wizard hits you with a dagger of draining.
You feel drained.
You hit the orc wizard.
The orc wizard is severely wounded.
The crimson imp barely misses you.
The orc wizard points at you and mumbles some strange words.
The puff of flame hits you!
* * * LOW HITPOINT WARNING * * *
You hit the crimson imp.
The crimson imp is lightly wounded.
The crimson imp blinks!
You see here a hand axe.
The crimson imp blinks!
The orc wizard gestures at you while chanting.
The puff of flame hits you!
You die...

###.# #># #.# #.
#...#######.# #.# #.
#...........# #.# #.
####...#######.# #.# #.
.......# #. ##.####.
######># ##.# ######.......
#.######...## ........####.
#..........=#####...........
########...@)oo(o.....#.####
##.#.#####.##.###.## #
#.####....# ##.# #
#ยง......##.###.## #
..#.####.## #.#.## # #.#.# #
#..## # #.# #.#.# #.## # #.#
#.#.# #.# # #.# #.#.# #.#


You could see an orc wizard and 2 orcs.

Vanquished Creatures
  Menkaure (D:6)
  A centaur (D:7)
  A giant frog (D:6)
  A scorpion (D:6)
  A howler monkey (D:4)
  A crimson imp (D:5)
  A jelly (D:6)
  An orc priest (D:6)
  A giant frog skeleton (D:5)
  Jessica (D:2)
  4 worker ants
  A hound zombie (D:5)
  7 adders
  3 worms
  A dart slug (D:1)
  2 giant geckos
  7 orcs
  3 ball pythons
  3 giant cockroaches
  7 goblins
  8 hobgoblins
  10 jackals
  2 quokkas
  A ball python zombie (D:5)
  3 bats
  6 giant newts
  A jackal skeleton (D:6)
  5 kobolds
  A quokka skeleton (D:5)
  4 rats
89 creatures vanquished.

Notes
Turn   | Place    | Note
--------------------------------------------------------------
     0 | D:1      | Musica the Spriggan Assassin began the quest for the Orb.
     0 | D:1      | Reached XP level 1. HP: 10/10 MP: 2/2
    17 | D:1      | Reached skill level 6 in Stealth
   274 | D:1      | Reached XP level 2. HP: 5/14 MP: 3/3
   726 | D:1      | Reached skill level 7 in Stealth
  1354 | D:2      | Reached XP level 3. HP: 7/18 MP: 4/4
  1537 | D:2      | Found a burning altar of Makhleb.
  2022 | D:2      | Found a sparkling altar of Nemelex Xobeh.
  2022 | D:2      | Noticed Jessica
  2029 | D:2      | Killed Jessica
  2029 | D:2      | Reached skill level 8 in Stealth
  2029 | D:2      | Reached XP level 4. HP: 16/22 MP: 5/5
  2187 | D:3      | Reached XP level 5. HP: 17/25 MP: 6/6
  2577 | D:5      | Entered Level 5 of the Dungeon
  2579 | D:5      | Reached skill level 9 in Stealth
  2594 | D:4      | Found a staircase to the Ecumenical Temple.
  2652 | Temple   | Entered the Ecumenical Temple
  2759 | Temple   | Became a worshipper of Dithmenos the Shadowed
  2787 | D:4      | Noticed Grim's ghost (novice OpAs)
  3118 | D:4      | Found Hackomoa's Jewellery Emporium.
  3546 | D:5      | Reached XP level 6. HP: 22/30 MP: 7/7
  3652 | D:5      | Reached skill level 10 in Stealth
  4482 | D:7      | Reached skill level 1 in Invocations
  4544 | D:6      | Reached skill level 11 in Stealth
  4544 | D:6      | Reached XP level 7. HP: 33/33 MP: 8/8
  4653 | D:6      | Reached * piety under Dithmenos
  4714 | D:6      | Noticed Menkaure
  4728 | D:6      | Killed Menkaure
  4922 | D:6      | Reached skill level 12 in Stealth
  4945 | D:6      | Killed from afar by an orc wizard

Vault maps used:
D:1:      minmay_arrival_five_plusses
D:2:      lemuel_doored_altar, nemelex_lonely_heart_becter
D:3:      serial_glass, glass_columns_a, glass_columns_a, glass_columns_a,
          glass_columns_a, glass_columns_b, glass_columns_a, first_bread
D:4:      serial_shops, nicolae_shop_trees, serial_bayou_pond_a
D:6:      fedhas_altar_fruit_tree, uniq_menkaure
D:7:      overflow_temple_1_default, grunt_ministairs_9, uniq_prince_ribbit1,
          uniq_joseph, uniq_pikel
Temple:   zaba_magenta_temple

Skill      XL: |  1  2  3  4  5  6  7 |
---------------+----------------------+-----
Stealth        | 6 7 8 9 11 12 | 12.0
Short Blades   | 3 4 |  4.1
Invocations    | 1 |  1.9
Throwing       | 3 |  3.1
Fighting       | |  1.5
Dodging        | |  1.5

Action                   |  1- 3 |  4- 6 |  7- 9 || total
-------------------------+-------+-------+-------++-------
Melee: Dagger            |   127 |   222 |    26 ||   375
 Fire: Blowgun           |    20 |     3 |     6 ||    29
Throw: Tomahawk          |       |     5 |       ||     5
  Use: Potion            |     1 |     4 |     4 ||     9
       Scroll            |       |     6 |     1 ||     7
 Stab: Sleeping          |    14 |    24 |     6 ||    44
  Eat: Bread ration      |       |     1 |       ||     1
Armor: Robe              |     9 |    14 |     2 ||    25
       Skin              |       |     3 |       ||     3
Dodge: Dodged            |    69 |   110 |    11 ||   190
